 Dungeon Crawl Stone Soup version 0.18-b1-22-ge198996 (webtiles) character file.

42 SkaryMonk the Sneak (level 3, -2/21 HPs)
             Began as a Halfling Necromancer on May 3, 2016.
             Slain by an orc priest
             ... wielding a +0 falchion
              (6 damage)
             ... on level 1 of the Dungeon on May 4, 2016.
             The game lasted 00:04:03 (1492 turns).

SkaryMonk the Sneak (Halfling Necromancer)          Turns: 1492, Time: 00:04:04

Health: -2/21      AC:  2    Str:  8    XL:     3   Next: 80%
Magic:  5/5        EV: 15    Int: 14    God:
Gold:   31         SH:  0    Dex: 15    Spells: 1 memorised, 4 levels left

rFire  . . .     SeeInvis .     g - +0 dagger
rCold  . . .     Gourm    .     a - +0 robe
rNeg   . . .     Faith    .     (shield restricted)
rPois  .         Spirit   .     (no helmet)
rElec  .         Dismiss  .     (no cloak)
rCorr  .         Reflect  .     (no gloves)
SustAt .         Harm     .     (no boots)
MR     .....                    (no amulet)
Stlth  +++.......               (no ring)
                                (no ring)

@: not resistant to hostile enchantments, fairly stealthy
A: mutation resistance 1
a: no special abilities


You were on level 1 of the Dungeon.
You were not hungry.

You visited 1 branch of the dungeon, and saw 1 of its levels.

You collected 31 gold pieces.

Notes
Turn   | Place    | Note
--------------------------------------------------------------
     0 | D:1      | SkaryMonk the Halfling Necromancer began the quest for the Orb.
     0 | D:1      | Reached XP level 1. HP: 11/11 MP: 3/3
   306 | D:1      | Reached XP level 2. HP: 14/17 MP: 0/4
   691 | D:1      | Reached skill level 1 in Short Blades
   691 | D:1      | Reached XP level 3. HP: 12/21 MP: 0/5
  1492 | D:1      | Slain by an orc priest

Inventory:

Hand Weapons
 g - a +0 dagger (weapon)
Armour
 a - a +0 robe (worn)
Scrolls
 i - a scroll of identify {unknown}
 l - a scroll of blinking {unknown}
 m - a scroll of fog {unknown}
Potions
 e - a potion of heal wounds {unknown}
 f - a potion of magic {unknown}
 h - a potion of degeneration {unknown}
 j - a potion of flight {unknown}
Books
 b - a book of Necromancy

   Spells                             Type                      Level
   a - Pain                           Necromancy                   1
   b - Animate Skeleton               Necromancy                   1
   c - Vampiric Draining              Necromancy                   3
   d - Regeneration                   Charms/Necromancy            3
   e - Animate Dead                   Necromancy                   4
   f - Control Undead                 Necromancy                   4
Comestibles
 c - 2 bread rations
 k - a beef jerky

Table legend:
 A = Turns spent in this place as a percentage of turns spent in the entire game.
 B = Non-inter-level travel turns spent in this place as a percentage of non-inter-level travel turns spent in the entire game.
 C = Inter-level travel turns spent in this place as a percentage of turns spent in this place.
 D = Turns resting spent in this place as a percentage of non-inter-level travel turns spent in this place.
 E = Turns spent auto-exploring this place as a percentage of non-inter-level travel turns spent in this place.
 F = Non-inter-level travel turns spent in this place divided by the number of levels of this place that you've seen.
                   A       B       C       D       E      F
               +-------+-------+-------+-------+-------+----------------------
         Total | 100.0 | 100.0 |   0.3 |   5.4 |  10.2 | 314.0
       Dungeon | 100.0 | 100.0 |   0.3 |   5.4 |  10.2 | 314.0
               +-------+-------+-------+-------+-------+----------------------


   Skills:
 + Level 2.6 Short Blades
 - Level 2.1 Dodging
 - Level 3.6 Stealth
 - Level 1.5 Spellcasting
 - Level 3.2 Necromancy


You had 4 spell levels left.
You knew the following spells:

 Your Spells              Type           Power        Failure   Level  Hunger
a - Pain                  Necr           ##..         10%         1    ##.....


Dungeon Overview and Level Annotations

Branches:
Dungeon (1/15)

Altars:


Innate Abilities, Weirdness & Mutations

You are small and have problems with some larger weapons.
You are somewhat resistant to further mutation.


Message History

The orc shouts!
You hit the orc.
You kill the orc!
Drink which item? (? for menu, Esc to quit)
Okay, then.
The orc priest mumbles some strange prayers to Beogh against you.
Beogh smites you!
Ouch! That really hurt!
* * * LOW HITPOINT WARNING * * *
You see here an orc corpse.
You hit the orc priest.
The orc priest is lightly wounded.
You closely miss the orc priest.
The orc priest is lightly wounded.
The orc priest calls down the wrath of Beogh upon you.
You barely resist. The orc misses you.
You hit the orc priest but do no damage.
The orc priest is lightly wounded.
The orc priest hits you with a falchion.
You die...

### ###.###########
################..............
#..............#.#............
####.############o#.#.######.....
....)##.........@o..(....# #.####
#######.#########o#.#.##.###.#.##
#.#.........#.#.##.....#.##
##########.########.#.########..#
...........# #...................
##.......#####.################..
................#.###.###.###.###
...#>###..####...#.#.#.#.#.#.#.#.
.......#....#....#.#.#.#.#.#.#.#.


You could see an orc priest and 2 orcs.

Table legend:
 A = Kills in this place as a percentage of kills in entire the game.
 B = Kills by you in this place as a percentage of kills by you in the entire game.
 C = Kills by friends in this place as a percentage of kills by friends in the entire game.
 D = Other kills in this place as a percentage of other kills in the entire game.
 E = Experience gained in this place as a percentage of experience gained in the entire game.
 F = Experience gained in this place divided by the number of levels of this place that you have seen.
                   A       B       C       D       E      F
               +-------+-------+-------+-------+-------+----------------------
         Total | 100.0 | 100.0 |  -nan |  -nan | 100.0 |  61.0
       Dungeon | 100.0 | 100.0 |  -nan |  -nan | 100.0 |  61.0
               +-------+-------+-------+-------+-------+----------------------

Vanquished Creatures
  4 dart slugs (D:1)
  2 giant geckos (D:1)
  An orc (D:1)
  2 giant cockroaches (D:1)
  3 goblins (D:1)
  5 hobgoblins (D:1)
  3 jackals (D:1)
  2 kobolds (D:1)
  2 giant newts (D:1)
  4 rats (D:1)
28 creatures vanquished.

Action                   || total
-------------------------++-------
Melee: Unarmed           ||     2
       Dagger            ||    92
 Cast: Pain              ||    25
 Stab: Sleeping          ||     4
  Eat: Chunk             ||     3
Armor: Robe              ||    10
Dodge: Dodged            ||    65

Vault maps used:
D:1:      saegor_arrival_simple_f, grunt_decor_resistance
